 Dungeon Crawl Stone Soup version 0.19-a0-1899-g2d93087 (webtiles) character file.

6016 KarmaPolice the Slinger (level 11, -1/75 HPs)
             Began as a Halfling Hunter on Oct 19, 2016.
             Was a Believer of Uskayaw.
             Slain by a troll (15 damage)
             ... on level 9 of the Dungeon.
             The game lasted 00:45:05 (13427 turns).

KarmaPolice the Slinger (Halfling Hunter)          Turns: 13427, Time: 00:45:05

Health: -1/75      AC:  7    Str: 14    XL:     11   Next: 10%
Magic:  15/15      EV: 16    Int:  9    God:    Uskayaw [**....]
Gold:   484        SH:  4    Dex: 18    Spells: 0 memorised, 10 levels left

rFire  + + .     SeeInvis +     M - +8 falchion of the Tired Souls {pain, *Drain rElec rF++ Stlth+}
rCold  . . .     Gourm    .     c - +0 leather armour
rNeg   . . .     Faith    .     (shield restricted)
rPois  .         Spirit   .     p - +0 helmet
rElec  +         Reflect  +     l - +0 cloak
rCorr  .         Harm     .     (no gloves)
MR     +....                    j - +0 pair of boots
Stlth  ++++......               V - +4 amulet of reflection
                                P - ring of protection from magic
                                b - ring of see invisible

@: no status effects
A: mutation resistance 1
a: Stomp, Line Pass, Renounce Religion


You were on level 9 of the Dungeon.
You worshipped Uskayaw.
Uskayaw was noncommittal.
You were not hungry.

You visited 2 branches of the dungeon, and saw 10 of its levels.
You also visited: Ossuary.

You collected 484 gold pieces.

Inventory:

Hand Weapons
 a - a +1 hunting sling
 r - a +0 dagger of electrocution
 B - a +0 blowgun
 G - a +0 falchion of holy wrath
 M - the +8 falchion of the Tired Souls (weapon) {pain, *Drain rElec rF++ Stlth+}
   (You found it on level 6 of the Dungeon)

   In the hands of one skilled in necromantic magic, it inflicts extra damage on
   living creatures.
   It greatly protects you from fire.
   It insulates you from electricity.
   It causes draining when unequipped.
   It makes you more stealthy.
Missiles
 d - 106 sling bullets
 m - 298 stones (quivered)
 C - 10 poisoned needles
 E - 2 needles of sleeping
Armour
 c - a +0 leather armour (worn)
 j - a +0 pair of boots (worn)
 l - a +0 cloak (worn)
 p - a +0 helmet (worn)
Jewellery
 b - a ring of see invisible (left hand)
 P - a ring of protection from magic (right hand)
 S - a cursed ring of loudness {unknown}
 V - a +4 amulet of reflection (around neck)
 Z - an uncursed ring of stealth {unknown}
Wands
 L - a wand of disintegration (16/24)
 T - a wand of paralysis (4/24)
Scrolls
 h - 11 scrolls of remove curse
 n - 6 scrolls of magic mapping
 q - 2 scrolls of teleportation {unknown}
 w - 2 scrolls of enchant weapon
 y - 5 scrolls of fog
 F - 2 scrolls of enchant armour {unknown}
 H - a scroll of fear {unknown}
 I - a scroll of holy word {unknown}
 J - a scroll of immolation {unknown}
 N - 4 scrolls of blinking {unknown}
 Q - a scroll of torment {unknown}
 W - 2 scrolls of amnesia {unknown}
 X - a scroll of brand weapon {unknown}
 Y - a scroll of noise {unknown}
Potions
 e - a potion of ambrosia {unknown}
 i - a potion of haste {unknown}
 k - 4 potions of brilliance
 o - 3 potions of cure mutation
 s - 4 potions of lignification
 t - 2 potions of curing
 v - 5 potions of might
 x - 2 potions of invisibility {unknown}
 A - 4 potions of flight
 D - 2 potions of berserk rage {unknown}
 K - a potion of degeneration {unknown}
 O - a potion of resistance {unknown}
Comestibles
 f - 12 bread rations
 g - 7 meat rations
 u - 4 beef jerkies
 z - 8 slices of pizza
 R - 3 chunks of flesh
 U - 3 fruits


   Skills:
 + Level 7.2 Fighting
 - Level 7.6(8.9) Short Blades
 + Level 5.8(7.2) Long Blades
 - Level 9.2 Slings
 - Level 4.0 Armour
 + Level 3.8 Dodging
 - Level 4.3 Stealth
 + Level 5.9 Invocations
 - Level 5.1 Evocations


You had 10 spell levels left.
You didn't know any spells.

Dungeon Overview and Level Annotations

Branches:
Dungeon (9/15)             Temple (1/1) D:6             Orc (0/2) D:9
   Lair: D:8-11

Altars:
Ashenzari
Cheibriados
Dithmenos
Elyvilon
Fedhas
Gozag
Hepliaklqana
Kikubaaqudgha
Makhleb
Nemelex Xobeh
Okawaru
Qazlal
Ru
Sif Muna
Trog
Uskayaw
Vehumet
Xom
Yredelemnul
Zin
The Shining One
Beogh


Innate Abilities, Weirdness & Mutations

You are small and have problems with some larger weapons.
You are somewhat resistant to further mutation.


Message History

You slash the troll!
The troll is moderately wounded.
The troll closely misses you. You block the troll's attack.
The troll claws you!
You slash the troll!
The troll is heavily wounded.
You hit the troll.
The troll is heavily wounded.
The troll bites you! The troll claws you. The troll claws you!
You can now pass through a line of other dancers.
You hit the troll.
The troll is heavily wounded.
The troll bites you!
* * * LOW HITPOINT WARNING * * *
The troll barely misses you. The troll closely misses you.
Unknown command.
You slash the troll!
The troll is severely wounded.
The troll bites you!
You die...

.>...#.....# #..........# #..#
.....#.....###..........###..####
.....#...........................
.....#....#####...####.########'#
..........# #...# #.#.........
###.####### #...####.#.........
....# #........#......... ....#
#........#......... ..<.#
#.@T.....########.# ....#
#......)........#.# ..#.#
#########....##.#.. ..#.#######
#....##.#.. ..........#
#..(.##.#.. ####..#...#
###.(##.#.. ...#..#...# >
#).##.#.. ...+......# .o
#..##.#.. ...#......#


_oo #.....#.. You could see a troll.

Vanquished Creatures
  Joseph (D:7)
  A hippogriff (D:7)
  A wyvern (D:9)
  A yak (D:7)
  3 hogs
  A human (D:7)
  Grum (D:8)
  Menkaure (D:5)
  A water moccasin (D:9)
  An ice beast (D:9)
  2 sky beasts
  2 phantoms
  6 orc warriors
  An eye of draining (D:8)
  4 wolves
  3 ogres
  A big kobold (D:7)
  A crocodile (D:7)
  6 bullfrogs
  A scorpion (D:6)
  An electric eel (D:6)
  5 howler monkeys
  8 crimson imps
  A centaur zombie (D:8)
  3 hounds
  3 jellies
  13 orc wizards
  Crazy Yiuf (D:2)
  4 orc priests
  2 bullfrog skeletons
  Terence (D:2)
  Jessica (D:2)
  11 worker ants
  A hound zombie (D:9)
  3 mummies (Ossuary)
  A worker ant zombie (D:9)
  Robin (D:1)
  15 adders
  4 gnolls (D:4)
  A howler monkey skeleton (D:8)
  A shadow imp (D:7)
  7 adder zombies
  3 worms
  3 dart slugs
  7 leopard geckos
  43 orcs
  3 ball pythons (D:2)
  8 bats
  5 giant cockroaches
  A gnoll zombie (Ossuary)
  17 goblins
  12 hobgoblins
  5 jackals
  11 kobolds
  8 quokkas
  6 frilled lizards
  2 goblin zombies (Ossuary)
  A hobgoblin zombie (Ossuary)
  3 kobold zombies (Ossuary)
  2 leopard gecko skeletons
  A leopard gecko zombie (D:7)
  2 quokka zombies (Ossuary)
  9 rats
  4 rat zombies (Ossuary)
283 creatures vanquished.

Notes
Turn   | Place    | Note
-------+----------+-------------------------------------------
     0 | D:1      | KarmaPolice the Halfling Hunter began the quest for the Orb.
     0 | D:1      | Reached XP level 1. HP: 14/14 MP: 1/1
   347 | D:1      | Reached XP level 2. HP: 19/19 MP: 2/2
   516 | D:1      | Reached skill level 1 in Short Blades
   516 | D:1      | Reached skill level 6 in Slings
   616 | D:2      | Noticed Robin
   685 | D:1      | Reached XP level 3. HP: 7/24 MP: 3/3
   747 | D:1      | Killed Robin
  1131 | D:2      | Reached XP level 4. HP: 21/30 MP: 4/4
  1335 | D:2      | Noticed Jessica
  1342 | D:2      | Killed Jessica
  1495 | D:2      | Reached XP level 5. HP: 31/35 MP: 5/5
  1629 | D:2      | Noticed Terence
  1646 | D:2      | Killed Terence
  1910 | D:2      | Found a runed door.
  2090 | D:2      | Reached skill level 7 in Slings
  2280 | D:2      | Noticed Crazy Yiuf
  2284 | D:2      | Killed Crazy Yiuf
  2284 | D:2      | Reached XP level 6. HP: 42/42 MP: 6/6
  2404 | D:3      | Found a glowing golden altar of the Shining One.
  2580 | D:3      | Found a faded altar of an unknown god.
  3680 | D:4      | Reached XP level 7. HP: 33/46 MP: 7/7
  3841 | D:4      | Reached skill level 8 in Slings
  4081 | D:4      | Found a sacrificial altar of Ru.
  4155 | D:4      | You fall through a shaft!
  4155 | D:5      | Entered Level 5 of the Dungeon
  4395 | D:4      | Reached skill level 1 in Armour
  4598 | D:4      | Reached XP level 8. HP: 53/54 MP: 8/8
  4950 | D:5      | Noticed Menkaure
  4966 | D:5      | Killed Menkaure
  4966 | D:5      | Reached skill level 5 in Short Blades
  5714 | D:5      | Reached skill level 9 in Slings
  6009 | D:6      | Found a blossoming altar of Fedhas.
  6027 | D:6      | Got a shimmering falchion
  6031 | D:6      | Identified the +8 falchion of the Tired Souls {pain, *Drain rElec rF++ Stlth+} (You found it on level 6 of the Dungeon)
  6212 | D:6      | Reached skill level 1 in Long Blades
  6212 | D:6      | Reached skill level 1 in Evocations
  6274 | D:6      | Found a staircase to the Ecumenical Temple.
  6284 | Temple   | Entered the Ecumenical Temple
  6381 | Temple   | Became a worshipper of Uskayaw the Reveler
  6416 | D:6      | Reached * piety under Uskayaw
  6418 | D:6      | Reached XP level 9. HP: 47/60 MP: 8/10
  6934 | D:7      | Reached ** piety under Uskayaw
  6937 | D:7      | Reached *** piety under Uskayaw
  6950 | D:7      | Found a sand-covered staircase.
  6960 | Ossuary  | Entered an ossuary
  6966 | Ossuary  | Reached skill level 5 in Fighting
  7537 | D:7      | Noticed a hippogriff
  7549 | D:7      | Killed a hippogriff
  7549 | D:7      | Reached skill level 1 in Invocations
  8169 | D:7      | Found a shattered altar of Ashenzari.
  8177 | D:7      | Noticed Joseph
  8188 | D:7      | Killed Joseph
  8680 | D:7      | Reached XP level 10. HP: 68/68 MP: 12/12
  8693 | D:7      | Reached **** piety under Uskayaw
  8708 | D:7      | Reached ***** piety under Uskayaw
  8724 | D:7      | HP: 2/68 [hog (12)]
  9350 | D:7      | Found an opulent altar of Gozag.
  9371 | D:8      | Noticed Grum
 10587 | D:8      | Reached skill level 5 in Evocations
 10948 | D:6      | Reached skill level 5 in Long Blades
 10948 | D:6      | Reached skill level 5 in Invocations
 11384 | D:8      | Killed Grum
 11735 | D:8      | Found a shimmering altar of Xom.
 11891 | D:9      | Found a roughly hewn altar of Beogh.
 11891 | D:9      | Found a staircase to the Orcish Mines.
 12361 | D:9      | Reached XP level 11. HP: 63/74 MP: 15/15
 13427 | D:9      | Slain by a troll

Vault maps used:
D:1:      erik_arrival_triangle_small
D:2:      minmay_bisected, uniq_jessica, uniq_terence, uniq_crazy_yiuf_cottage,
          uniq_robin
D:3:      tso_metal_star, ecumenical_altar_2
D:4:      first_bread, nicolae_ru_the_path_less_chosen
D:5:      uniq_menkaure
D:6:      fountainhead, fedhas_altar_3
D:7:      ashenzari_conservatory_becter, marbit_many_paths,
          chequers_ossuary_entry_cave, minmay_parallelograms, grunt_livestock,
          uniq_joseph
D:8:      xom_teletrap_fun, uniq_grum
D:9:      david_orc_5, serial_shops, nicolae_shop_behind_doors, basic_altar,
          minmay_bent
Temple:   compressed_dpeg_circular_temple
Ossuary:  ossuary_minmay_chase

Skill      XL: |  1  2  3  4  5  6  7  8  9 10 11 |
---------------+----------------------------------+-----
Fighting       | 2 3 4 5 6 7 |  7.2
Short Blades   | 1 2 3 4 5 7 |  7.6
Slings         | 6 7 8 9 |  9.2
Stealth        | 2 3 4 |  4.3
Armour         | 1 3 4 |  4.0
Long Blades    | 1 3 5 |  5.8
Evocations     | 1 3 5 |  5.1
Invocations    | 2 5 |  5.9
Dodging        | 3 |  3.8

Action                   |  1- 3 |  4- 6 |  7- 9 | 10-12 || total
-------------------------+-------+-------+-------+-------++-------
Melee: Short sword       |    96 |     7 |       |       ||   103
       Dagger            |       |   256 |   148 |       ||   404
       Falchion          |       |       |   169 |   306 ||   475
 Fire: Hunting sling     |     4 |       |    14 |       ||    18
       Blowgun           |       |       |     8 |       ||     8
Evoke: Wand              |       |       |       |     3 ||     3
  Use: Scroll            |       |       |    11 |       ||    11
       Potion            |       |       |     1 |     4 ||     5
 Stab: Sleeping          |     1 |    10 |    12 |     7 ||    30
       Paralysed         |       |       |     7 |     8 ||    15
  Eat: Chunk             |     1 |     8 |    15 |    15 ||    39
       Pizza             |       |       |     1 |       ||     1
Armor: Leather armour    |    28 |    54 |    69 |    44 ||   195
Dodge: Dodged            |    89 |   131 |   199 |   216 ||   635
Block: Other             |       |       |       |    22 ||    22
       Reflection        |       |       |       |     2 ||     2
       Rpst.: Falchion   |       |       |    40 |    74 ||   114
